 Dungeon Crawl Stone Soup version 0.24.0-10-g970556be89 (webtiles) character file.

Game seed: 14541766666860319187, levelgen mode: deterministic

7213 flestrin the Destroyer (level 10, -2/83 HPs)
             Began as a Red Draconian Conjurer on Nov 3, 2019.
             Was a Follower of Vehumet.
             Slain by a manticore (4 damage)
             ... on level 10 of the Dungeon on Nov 4, 2019.
             The game lasted 00:52:55 (12719 turns).

flestrin the Destroyer (Red Draconian Conjurer)    Turns: 12719, Time: 00:52:55

Health: -2/83      AC: 10    Str: 11    XL:     10   Next: 87%
Magic:  13/22      EV: 12    Int: 18    God:    Vehumet [*.....]
Gold:   486        SH:  0    Dex: 12    Spells: 2/25 levels left

rFire    + . .     SeeInvis +   w - +2 long sword (slice)
rCold    . . .     Gourm    .   (no shield)
rNeg     . . .     Faith    .   (armour unavailable)
rPois    .         Spirit   .   (helmet restricted)
rElec    .         Reflect  .   l - scarf {repulsion}
rCorr    .         Harm     .   c - +1 pair of gloves
MR       +....                  p - +0 pair of boots
Stlth    ++........             (no amulet)
HPRegen  0.23/turn              D - ring of see invisible
MPRegen  0.18/turn              C - ring of protection from magic

@: about to teleport, repel missiles
A: breathe fire, unfitting armour, fire resistance 1, cold-blooded, AC +7
a: Breathe Fire, Renounce Religion


You were on level 10 of the Dungeon.
You worshipped Vehumet.
Vehumet was aware of your devotion.
You were not hungry.

You visited 2 branches of the dungeon, and saw 12 of its levels.
You also visited: Sewer.

You collected 486 gold pieces.

Inventory:

Hand Weapons
 u - a +4 short sword
 w - a +2 long sword of slicing (weapon)
Armour
 c - a +1 pair of gloves (worn)
 l - a scarf of repulsion (worn)
 o - a +0 buckler
 p - a +0 pair of boots (worn)
 I - a +0 large shield
Jewellery
 q - an uncursed ring of protection from fire
 y - an uncursed ring of fire
 z - a +2 ring of protection
 A - an uncursed ring of ice
 C - a ring of protection from magic (right hand)
 D - a ring of see invisible (left hand)
 F - an uncursed ring of resist corrosion
Wands
 a - a wand of random effects (20)
 E - a wand of disintegration (12)
Scrolls
 d - a scroll of fog
 e - 4 scrolls of teleportation
 f - 13 scrolls of identify
 h - a scroll of amnesia
 m - 3 scrolls of enchant armour
 v - 2 scrolls of magic mapping {unknown}
 x - 3 scrolls of remove curse
 G - 2 scrolls of summoning {unknown}
Potions
 g - a potion of mutation {unknown}
 i - 3 potions of curing
 j - 2 potions of haste {unknown}
 k - 4 potions of agility {unknown}
 n - 3 potions of flight
 r - a potion of lignification {unknown}
 s - 3 potions of brilliance
 t - 4 potions of heal wounds {unknown}
 B - a potion of invisibility {unknown}
Comestibles
 b - 18 rations
 H - 5 chunks of flesh


   Skills:
 - Level 6.0 Fighting
 - Level 1.7 Dodging
 - Level 1.7 Stealth
 - Level 4.0 Shields
 + Level 8.4 Spellcasting
 + Level 9.8 Conjurations
 - Level 6.0 Translocations
 * Level 7.1 Fire Magic


You had 2 spell levels left.
You knew the following spells:

 Your Spells              Type           Power        Failure   Level  Hunger
a - Magic Dart            Conj           ####         1%          1    None
b - Searing Ray           Conj           #####.       1%          2    None
c - Dazzling Spray        Conj/Hex       ####..       3%          3    None
d - Force Lance           Conj/Tloc      #####...     3%          4    ###....
e - Fulminant Prism       Conj/Hex       ####......   12%         4    ###....
f - Inner Flame           Hex/Fire       ###.....     6%          3    None
g - Bolt of Fire          Conj/Fire      #####.....   41%         6    ######.

Your spell library contained the following spells:

 Spells                   Type           Power        Failure   Level  Hunger
 Shock                    Conj/Air       ####         1%          1    None
 Apportation              Tloc           ####..       1%          1    None
 Flame Tongue             Conj/Fire      #####        1%          1    None
 Corona                   Hex            #......      10%         1    None
 Summon Butterflies       Summ           #.......     10%         1    None
 Slow                     Hex            #.......     14%         2    None
 Iskenderun's Mystic Bla  Conj           #####...     1%          4    ###....
 Lesser Beckoning         Tloc           ####......   2%          3    None
 Portal Projectile        Hex/Tloc       ###...       9%          3    None
 Call Canine Familiar     Summ           #.......     28%         3    None
 Tukima's Dance           Hex            #.......     28%         3    None
 Cause Fear               Hex            #.........   67%         4    ###....
 Leda's Liquefaction      Hex/Erth       #.........   67%         4    ###....
 Summon Ice Beast         Ice/Summ       #.......     67%         4    ###....
 Alistair's Intoxication  Tmut/Pois      #.......     95%         5    #####..
 Summon Mana Viper        Hex/Summ       #.......     95%         5    #####..
 Invisibility             Hex            #.......     100%        6    ######.
 Dragon Form              Tmut           #.........   100%        7    #######
 Summon Hydra             Summ           #.........   100%        7    #######
 Dragon's Call            Summ           #.........   100%        9    #######


Dungeon Overview and Level Annotations

Branches:
Dungeon (11/15)            Temple (1/1) D:5            Lair (0/6) D:9
  Sewer (visited)
    Orc: D:9-12

Altars:
Ashenzari
Cheibriados
Dithmenos
Elyvilon
Fedhas
Gozag
Hepliaklqana
Kikubaaqudgha
Makhleb
Nemelex Xobeh
Okawaru
Qazlal
Ru
Sif Muna
Trog
Uskayaw
Vehumet
Wu Jian
Xom
Yredelemnul
Zin
The Shining One

Annotations:
D:11 Erolcha


Innate Abilities, Weirdness & Mutations

You can breathe blasts of fire.
Your fiery red scales are hard. (AC +7)
You cannot fit into any form of body armour.
Your flesh is heat resistant. (rF+)
You are cold-blooded and may be slowed by cold attacks.


Message History

Vehumet accepts your kill.
The searing ray hits the manticore.
The manticore is lightly wounded.
The phantom blinks!
The manticore closely misses you. The manticore claws you!
The manticore claws you but does no damage.
The searing ray hits the manticore!
The manticore is heavily wounded.
You finish channeling your searing ray.
The manticore bites you!
* * * LOW HITPOINT WARNING * * *
The manticore claws you but does no damage.
The manticore closely misses you.
As you read the scroll of teleportation, it crumbles to dust.
You feel strangely unstable. The manticore barely misses you.
The manticore claws you but does no damage.
The manticore claws you!
* * * LOW HITPOINT WARNING * * *
You feel better. The manticore bites you!
* * * LOW HITPOINT WARNING * * *
The manticore claws you.
You die...

.#.#### #÷.# # #.#...#.
÷#.##.####..###.#.#
######.#..>#.
.#.#..............#
#......#.....
.#.##.######'##.#.#
##.#####..### .#.##.# #8.8#
#........# ##.#..# #8.8#####
########.# #.#.## #8.8#.#.# #.#
#.#.# +..)÷..## #.# ##.#.#
##8##.@.###########.# .#.#.#
#########H##.......##.# .#.#.#
#.......#o.#.#####.##.# .#.#.#
#.⌠...⌠.#(.#.#...#.##.# .#.#.#
#....⌠..#..#.....#.##.# .#.#.##
+...⌠..('.##..#..#.##.#
.#....###..⌠..o.###......#.##.#
##......#.⌠...⌠.# #......#....#
...#..#.#...(...# #..##########


You could see a manticore and an orc warrior.

Vanquished Creatures
  2 unseen horrors (D:10)
  A gargoyle (D:10)
  A troll (D:9)
  4 hogs (D:7)
  A yak (D:9)
  A human (D:7)
  A basilisk (D:9)
  A hungry ghost (D:10)
  A soldier ant (D:10)
  2 water moccasins
  2 sky beasts
  An orc warrior (D:8)
  2 ice beasts
  A necrophage (D:6)
  A phantom (D:5)
  7 ogres
  5 centaurs
  3 crocodiles
  6 bullfrogs
  2 scorpions
  4 killer bees (D:9)
  3 howler monkeys
  10 crimson imps
  2 centaur zombies
  A quasit (D:5)
  2 hounds (D:7)
  4 jellies
  2 orc priests
  8 orc wizards
  2 centaur skeletons
  2 bullfrog skeletons
  2 iguanas
  3 worker ants
  A killer bee zombie (D:9)
  A hound zombie (D:8)
  2 hound skeletons
  A worker ant zombie (D:9)
  14 adders
  A river rat (D:4)
  4 shadow imps
  12 oozes
  An adder zombie (D:6)
  2 adder skeletons
  4 worms
  4 dart slugs
  15 leopard geckos
  33 orcs
  7 bats
  15 giant cockroaches
  3 goblins (D:3)
  2 hobgoblins
  17 jackals
  11 kobolds
  5 quokkas
  9 ball pythons
  17 frilled lizards
  2 leopard gecko skeletons
  3 rats (D:2)
276 creatures vanquished.

Vanquished Creatures (others)
  3 fulminant prisms (D:9)
3 creatures vanquished.

Grand Total: 279 creatures vanquished

Notes
Turn   | Place    | Note
-------+----------+-------------------------------------------
     0 | D:1      | flestrin the Draconian Conjurer began the quest for the
                  | Orb.
     0 | D:1      | Reached XP level 1. HP: 14/14 MP: 3/3
   143 | D:1      | Reached XP level 2. HP: 18/20 MP: 1/5
   189 | D:1      | Learned a level 2 spell: Searing Ray
   795 | D:1      | Reached XP level 3. HP: 26/26 MP: 5/7
   800 | D:1      | Learned a level 3 spell: Dazzling Spray
  1113 | D:2      | Found an ornate altar of the Wu Jian Council.
  2053 | D:3      | Reached XP level 4. HP: 33/33 MP: 4/8
  2345 | D:3      | Reached skill level 5 in Conjurations
  3077 | D:4      | Reached XP level 5. HP: 32/38 MP: 0/10
  3407 | D:4      | Found a glowing drain.
  3431 | Sewer    | Entered a sewer
  3507 | Sewer    | Learned a level 4 spell: Force Lance
  3960 | Sewer    | Reached skill level 1 in Translocations
  4039 | Sewer    | Reached XP level 6. HP: 45/45 MP: 7/12
  4368 | Sewer    | Reached skill level 6 in Conjurations
  4984 | D:5      | Entered Level 5 of the Dungeon
  5387 | D:5      | Found a staircase to the Ecumenical Temple.
  5393 | D:5      | Your scales start taking on a fiery red colour.
  5393 | D:5      | Reached XP level 7. HP: 45/50 MP: 7/14
  5393 | D:5      | Gained mutation: Your flesh is heat resistant. (rF+) [Red
                  | Draconian growth]
  5400 | Temple   | Entered the Ecumenical Temple
  5853 | D:5      | Reached skill level 5 in Spellcasting
  6711 | D:5      | Reached skill level 7 in Conjurations
  6810 | D:5      | Reached XP level 8. HP: 49/57 MP: 11/16
  7614 | D:6      | Reached skill level 5 in Translocations
  8182 | D:7      | Reached skill level 8 in Conjurations
  8509 | D:7      | Reached skill level 1 in Fighting
  8509 | D:7      | Reached XP level 9. HP: 44/64 MP: 6/19
  8667 | D:7      | Reached skill level 1 in Shields
  9095 | D:8      | Learned a level 4 spell: Fulminant Prism
  9723 | D:8      | Learned a level 3 spell: Inner Flame
  9780 | D:8      | Reached skill level 1 in Fire Magic
  9930 | D:8      | Found an iron altar of Okawaru.
  9954 | D:8      | Found a glowing golden altar of the Shining One.
  9954 | D:8      | Found a radiant altar of Vehumet.
  9961 | D:8      | Became a worshipper of Vehumet
  9975 | D:8      | Found a shimmering blue altar of Sif Muna.
  9987 | D:8      | Found a stormy altar of Qazlal.
 10159 | D:8      | Reached skill level 9 in Conjurations
 10317 | D:9      | Reached XP level 10. HP: 73/79 MP: 11/21
 10465 | D:9      | Learned a level 6 spell: Bolt of Fire
 10658 | D:9      | Found a staircase to the Lair.
 10903 | D:9      | Found a blossoming altar of Fedhas.
 11173 | D:9      | Reached * piety under Vehumet
 11173 | D:9      | Offered knowledge of Shock by Vehumet.
 11531 | D:9      | Reached skill level 5 in Fighting
 11717 | D:10     | Entered Level 10 of the Dungeon
 11899 | D:11     | Noticed Erolcha
 12036 | D:10     | Reached skill level 5 in Fire Magic
 12163 | D:10     | Noticed an unseen horror
 12173 | D:10     | Killed an unseen horror
 12511 | D:10     | Noticed a gargoyle
 12540 | D:10     | Killed a gargoyle
 12696 | D:10     | Noticed an unseen horror
 12697 | D:10     | Noticed a manticore
 12711 | D:10     | Killed an unseen horror
 12719 | D:10     | HP: 2/83 [manticore (16)]
 12719 | D:10     | Slain by a manticore

Levels and vault maps discovered:
D:1:      wander_arrival_lonely_grave, layout_rooms, roderic_roman_lattice,
          nrook_campfire
D:2:      layout_basic, nicolae_overflow_hidden_temple, first_ration
D:3:      layout_rooms, kennysheep_generic_room_12
D:4:      layout_basic, cheibrodos_sewer_entry_sluice
D:5:      layout_gridville, minmay_temple_entry_statues_pillars,
          bh_walls_and_bars
D:6:      layout_basic, grunt_decor_arrowhead, hangedman_decor_slide_cut
D:7:      layout_cave_pools, grunt_livestock, wad_rectangle_vault
D:8:      layout_basic, minmay_overflow_temple_star_hex
D:9:      minmay_clustersquares, layout_irregular_city, david_lair_generic,
          basic_altar
D:10:     minmay_chambers_of_sevens, layout_basic, uniq_urug
D:11:     layout_roguey, uniq_erolcha, uniq_nergalle
Temple:   eino_temple_rhombus

Skill      XL: |  1  2  3  4  5  6  7  8  9 10 |
---------------+-------------------------------+-----
Spellcasting   | 3 4 5 6 7 8 |  8.4
Conjurations   | 5 6 7 8 9 |  9.8
Translocations | 1 2 4 5 6 |  6.0
Fighting       | 1 4 6 |  6.0
Shields        | 3 4 |  4.0
Fire Magic     | 2 7 |  7.1
Dodging        | |  1.7
Stealth        | |  1.7

Action                   |  1- 3 |  4- 6 |  7- 9 | 10-12 || total
-------------------------+-------+-------+-------+-------++-------
Melee: Unarmed           |    47 |       |       |       ||    47
       Tailslap          |     3 |     5 |    13 |     8 ||    29
       Rapier            |     5 |    18 |       |       ||    23
       Short sword       |       |    28 |    53 |       ||    81
       Long sword        |       |       |    54 |    33 ||    87
 Cast: Magic Dart        |    64 |   146 |   117 |    38 ||   365
       Searing Ray       |     4 |    17 |    44 |    32 ||    97
       Dazzling Spray    |       |       |     6 |       ||     6
       Fulminant Prism   |       |       |     1 |     2 ||     3
 Abil: Breathe Fire      |       |       |     5 |     1 ||     6
  Use: Scroll            |       |     7 |     1 |     1 ||     9
       Potion            |       |       |       |     1 ||     1
 Stab: Sleeping          |     3 |     2 |     2 |     1 ||     8
  Eat: Chunk             |     4 |    11 |    13 |     9 ||    37
       Ration            |       |       |     1 |       ||     1
Armor: Skin              |    23 |    72 |    71 |    45 ||   211
Dodge: Dodged            |    32 |   113 |   135 |    79 ||   359
       Deflected         |       |       |     2 |     6 ||     8
       Rpst.: Long sword |       |       |    26 |    30 ||    56
